 Dungeon Crawl Stone Soup version 0.31-a0-319-g4fced400ed (webtiles) character file.

Game seed: 14602135231998539515

362 mopl the Changeling (level 6, 0/42 HPs)
             Began as an Octopode Shapeshifter on July 18, 2023.
             Slain by a sleepcap (15 damage)
             ... on level 3 of the Dungeon.
             The game lasted 00:03:19 (2271 turns).

mopl the Changeling (Octopode Shapeshifter)         Turns: 2271, Time: 00:03:19

Health: 0/42       AC:  1    Str: 14    XL:     6   Next: 66%
Magic:  6/6        EV:  2    Int: 11    God:
Gold:   143        SH:  0    Dex: 14    Spells: 5/5 levels left

rFire   . .          .
                       - Unarmed
rCold   . . .        k - +0 buckler
rNeg    . . .        (helmet currently unavailable)
rPois   .            s - amulet of reflection
rElec   .            (no ring)
rCorr   .            (no ring)
SInv    .            (no ring)
Will    .....        (no ring)
Stlth   ++           (no ring)
HPRegen 0.27/turn    (no ring)
MPRegen 0.10/turn    (no ring)
                     (no ring)

%: reflection
@: beast-form, sleeping
A: beast (slay +3), almost no armour, amphibious, 8 rings, camouflage 1,
gelatinous body 1, (nimble swimmer 1), tentacles
a: Begin Untransformation


You were on level 3 of the Dungeon.
You were a hulking beast.
You visited 1 branch of the dungeon, and saw 3 of its levels.

You collected 143 gold pieces.

Inventory:

Hand Weapons
 i - a +2 whip of venom
 j - a +2 dagger of electrocution
Missiles
 f - 6 boomerangs
 h - 6 poisoned darts (quivered)
Armour
 k - a +0 buckler (worn)
Jewellery
 m - an amulet of magic regeneration
 s - an amulet of reflection (around mantle)
Talismans
 b - a beast talisman
Wands
 p - a wand of paralysis (2)
Scrolls
 a - a scroll of enchant armour {unknown}
 c - a scroll of silence {unknown}
 d - 2 scrolls of amnesia {unknown}
 e - a scroll of brand weapon {unknown}
 g - 3 scrolls of identify {unknown}
 l - a scroll of noise {unknown}
 o - a scroll of fog {unknown}
 t - a scroll of teleportation {unknown}
 u - a scroll of enchant weapon {unknown}
Potions
 n - a potion of enlightenment {unknown}
 q - a potion of heal wounds {unknown}
 r - a potion of curing


   Skills:
 + Level 3.2 Fighting
 + Level 3.2 Dodging
 * Level 4.3 Unarmed Combat
 * Level 4.3 Shapeshifting


You had 5 spell levels left.
You didn't know any spells.
Your spell library contained the following spells:

 Spells                   Type           Power      Damage    Failure   Level
 Magic Dart               Conj           0%         1d3       43%         1


Dungeon Overview and Level Annotations

Branches:
Dungeon (3/15)

Altars:
Ashenzari
Elyvilon
Kikubaaqudgha
Sif Muna
Vehumet
Zin


Innate Abilities, Weirdness & Mutations

You are a hulking beast.
Your limbs bulge with bestial killing power. (Slay +3)
You cannot wear most types of armour.
You are amphibious.
You can wear up to eight rings at the same time.
Your skin changes colour to match your surroundings (Stealth+).
Your rubbery body absorbs attacks. (AC +1, EV +1)
((You are camouflaged when in or above water. (Stealth+)))
You have tentacles for arms and can constrict up to eight enemies at once.


Message History

2 sleepcaps come into view.
Found a glowing hat.
The sleepcap moves out of view.
The sleepcap releases spores at you.
You tentacle-slap the sleepcap. You grab the sleepcap.
The sleepcap is lightly damaged.
You constrict the sleepcap. The sleepcap releases spores at you.
You block the sleepcap's attack.
You tentacle-slap the sleepcap. You squeeze the sleepcap.
The sleepcap is heavily damaged.
You constrict the sleepcap, but do no damage.
You block the sleepcap's attack. The sleepcap misses you.
Unknown command.
You release your grip on the sleepcap.
The sleepcap attacks as you move away! You block the sleepcap's attack.
The sleepcap releases spores at you. The sleepcap attacks as you move away!
You block the sleepcap's attack.
You tentacle-slap the sleepcap. You grab the sleepcap.
You squeeze the sleepcap.
The sleepcap is heavily damaged.
You constrict the sleepcap, but do no damage.
You block the sleepcap's attack.
You tentacle-slap the sleepcap but do no damage.
You squeeze the sleepcap.
The sleepcap is heavily damaged.
You constrict the sleepcap. You block the sleepcap's attack.
You bludgeon the sleepcap! You squeeze the sleepcap.
The sleepcap is almost destroyed.
You constrict the sleepcap. The sleepcap releases spores at you.
You tentacle-slap the sleepcap.
You destroy the sleepcap!
You tentacle-slap the sleepcap but do no damage.
You grab the sleepcap. You constrict the sleepcap.
The sleepcap releases spores at you!
You tentacle-slap the sleepcap but do no damage.
The sleepcap is lightly damaged.
You constrict the sleepcap. The sleepcap releases spores at you!
You are engulfed in a cloud of soporific spores!
You fall asleep.
You lose your grip on the sleepcap.
The sleepcap releases spores at you!
You die...

######### #..ffh..#
#...###.##############
#.....#........##.....#
#.....#......._##.....#
##...##.....>..##.....#
#...#.........##......
##.##.........##......
#[#..................
#########......##..


You could see 2 sleepcaps.

Vanquished Creatures
  An ogre (D:3)
  A sleepcap (D:3)
  2 orc wizards (D:3)
  Robin (D:2)
  4 gnolls
  4 adders (D:2)
  3 worms (D:2)
  A dart slug (D:3)
  8 orcs
  3 bats (D:2)
  4 endoplasms
  4 giant cockroaches
  10 goblins
  12 hobgoblins
  7 jackals
  10 kobolds
  2 quokkas
  6 ball pythons
  5 frilled lizards
  2 rats
90 creatures vanquished.

Notes
Turn   | Place    | Note
-------+----------+-------------------------------------------
     0 | D:1      | mopl the Octopode Shapeshifter began the quest for the Orb.
     0 | D:1      | Reached XP level 1. HP: 14/14 MP: 1/1
    44 | D:1      | Reached XP level 2. HP: 14/19 MP: 2/2
   234 | D:1      | Reached XP level 3. HP: 19/24 MP: 3/3
   746 | D:2      | Found a glowing silver altar of Zin.
   841 | D:2      | Noticed Robin
   861 | D:2      | Reached XP level 4. HP: 16/30 MP: 4/4
   869 | D:2      | Reached skill level 3 in Unarmed Combat
   969 | D:2      | Killed Robin
  1294 | D:2      | Reached XP level 5. HP: 31/35 MP: 5/5
  1657 | D:3      | Reached skill level 4 in Shapeshifting
  1768 | D:3      | Found a broken altar of Ashenzari.
  1935 | D:3      | Found a radiant altar of Vehumet.
  1939 | D:3      | Got Vehumet's Guide on Power
  1941 | D:3      | Found an ancient bone altar of Kikubaaqudgha.
  1942 | D:3      | Found a shimmering blue altar of Sif Muna.
  1958 | D:3      | Noticed an ogre
  2075 | D:3      | Reached skill level 3 in Fighting
  2075 | D:3      | Reached XP level 6. HP: 35/42 MP: 6/6
  2203 | D:3      | Reached skill level 3 in Dodging
  2221 | D:3      | Reached skill level 4 in Unarmed Combat
  2240 | D:3      | Found a white marble altar of Elyvilon.
  2271 | D:3      | Slain by a sleepcap

Illustrated notes

Levels and vault maps discovered:
D:1:      dpeg_arrival_stone_temple_mockup, layout_basic, minmay_liquid_box,
          chequers_garden
D:2:      layout_basic, basic_altar, minmay_tree_intersection, minivault_11,
          uniq_robin
D:3:      layout_basic, grunt_temple_overflow_magic_moments,
          overflow_temple_1_default, mainiacjoe_overflow_alcove_1,
          grunt_ministairs_6, hellmonk_no_cap

Skill      XL: |  1  2  3  4  5  6 |
---------------+-------------------+-----
Unarmed Combat | 3 4 |  4.3
Shapeshifting  | 4 |  4.3
Fighting       | 3 |  3.2
Dodging        | 3 |  3.2

Action                     |  1- 3 |  4- 6 || total
---------------------------+-------+-------++-------
  Melee: Unarmed           |    31 |    57 ||    88
         Constrict         |    15 |    29 ||    44
         Tentacles         |    11 |    23 ||    34
         Whip              |    26 |    45 ||    71
  Evoke: Wand              |       |     1 ||     1
    Use: Potion            |       |     2 ||     2
   Stab: Sleeping          |     3 |     5 ||     8
         Distracted        |       |     1 ||     1
         Paralysed         |       |     3 ||     3
 Armour: Skin              |     3 |    16 ||    19
  Dodge: Dodged            |    25 |    58 ||    83
  Block: Buckler           |       |    18 ||    18

Table legend: (Time is in decaauts)
 A = Elapsed time spent in this place.
 B = Non-inter-level travel time spent in this place.
 C = Inter-level travel time spent in this place.
 D = Time resting spent in this place.
 E = Time spent auto-exploring this place.
 F = Levels seen in this place.
 G = Mean time per level.
                   A        B        C        D        E       F      G
               +--------+--------+--------+--------+--------+-----+--------+
         Total |   2278 |   2172 |    106 |    267 |   1372 |   3 |  759.3 |
       Dungeon |   2278 |   2172 |    106 |    267 |   1372 |   3 |  759.3 |
               +--------+--------+--------+--------+--------+-----+--------+

Top non-repeatable levels by time:
     D:2: 965 daAuts
     D:1: 718 daAuts
     D:3: 594 daAuts
